 Dungeon Crawl Stone Soup version 0.25-a0-634-gd1561dc703 (webtiles) character file.

Game seed: 13394437675141410944, levelgen mode: deterministic

14 MrSirius the Conjurer (level 2, 0/20 HPs)
             Began as a Draconian Conjurer on Mar 20, 2020.
             Slain by a leopard gecko (1 damage)
             ... on level 1 of the Dungeon.
             The game lasted 00:05:31 (684 turns).

MrSirius the Conjurer (Draconian Conjurer)           Turns: 684, Time: 00:05:31

Health: 0/20       AC:  4    Str: 10    XL:     2   Next: 31%
Magic:  5/5        EV: 12    Int: 15    God:
Gold:   0          SH:  0    Dex: 11    Spells: 4/5 levels left

rFire    . . .     SeeInvis .   c - +0 whip
rCold    . . .     Gourm    .   (no shield)
rNeg     . . .     Faith    .   (armour unavailable)
rPois    .         Spirit   .   (helmet restricted)
rElec    .         Reflect  .   (no cloak)
rCorr    .         Harm     .   (no gloves)
MR       .....                  (no boots)
Stlth    ++........             (no amulet)
HPRegen  0.06/turn              (no ring)
MPRegen  0.09/turn              (no ring)

@: no status effects
A: unfitting armour, cold-blooded, AC +4
a: no special abilities


You were on level 1 of the Dungeon.
You were not hungry.

You visited 1 branch of the dungeon, and saw 1 of its levels.

Inventory:

Hand Weapons
 c - a +0 whip (weapon)
 e - a +0 dagger
Scrolls
 g - a scroll of enchant weapon {unknown}
Potions
 a - a potion of mutation {unknown}
 d - a potion of invisibility {unknown}
 f - 2 potions of lignification {unknown}
Comestibles
 b - 2 rations


   Skills:
 + Level 2.0 Dodging
 - Level 1.7 Stealth
 + Level 2.2 Spellcasting
 + Level 4.3 Conjurations


You had 4 spell levels left.
You knew the following spells:

 Your Spells              Type           Power        Failure   Level  Hunger
a - Magic Dart            Conj           ##..         3%          1    #......

Your spell library contained the following spells:

 Spells                   Type           Power        Failure   Level  Hunger
 Searing Ray              Conj           ##....       5%          2    ###....
 Dazzling Flash           Conj/Hex       #.....       26%         3    ###....
 Fulminant Prism          Conj/Hex       #.........   65%         4    #####..
 Iskenderun's Mystic Bla  Conj/Tloc      #.......     65%         4    #####..


Dungeon Overview and Level Annotations

Branches:
Dungeon (1/15)

Altars:


Innate Abilities, Weirdness & Mutations

Your plain brown scales are hard. (AC +4)
You cannot fit into any form of body armour.
You are cold-blooded and may be slowed by cold attacks.


Message History

* * * LOW HITPOINT WARNING * * *
The leopard gecko barely misses you.
You miss the leopard gecko. The leopard gecko barely misses you.
You closely miss the leopard gecko. The leopard gecko closely misses you.
You barely miss the leopard gecko. The leopard gecko closely misses you.
You closely miss the leopard gecko. The leopard gecko bites you.
* * * LOW HITPOINT WARNING * * *
The leopard gecko barely misses you.
You hit the leopard gecko but do no damage.
The leopard gecko bites you.
* * * LOW HITPOINT WARNING * * *
You closely miss the leopard gecko.
The leopard gecko bites you but does no damage.
The leopard gecko misses you.
You barely miss the leopard gecko.
You tail-slap the leopard gecko, but do no damage.
The leopard gecko barely misses you.
You completely miss the leopard gecko. The leopard gecko closely misses you.
You closely miss the leopard gecko. The leopard gecko bites you.
You die...

..# .# ####.# .# #....#
##.# #.##.# .... #.##.#
##.#.# ..##.##########.#
.#####
..)...)........###.....#
รท.##.##########.#lKw...#
..##.# ##@#....... #.##.#
#.#.wK..[. #.##.#
.....h.... #.##..
##.####hl.. ..#### ..#
..[. ### ... ... ... ..
#.##


You could see a dart slug, a leopard gecko and a kobold.

Vanquished Creatures
  2 leopard geckos (D:1)
  3 hobgoblins (D:1)
  A bat (D:1)
  2 goblins (D:1)
  4 kobolds (D:1)
12 creatures vanquished.

Notes
Turn   | Place    | Note
-------+----------+-------------------------------------------
     0 | D:1      | MrSirius the Draconian Conjurer began the quest for the
                  | Orb.
     0 | D:1      | Reached XP level 1. HP: 14/14 MP: 3/3
   429 | D:1      | Reached XP level 2. HP: 13/20 MP: 3/5
   680 | D:1      | HP: 1/20 [leopard gecko (2)]
   684 | D:1      | Slain by a leopard gecko

Levels and vault maps discovered:
D:1:      matt_arrival_refuge, layout_loops_ring, minmay_cut_off

Skill      XL: |  1 |
---------------+----+-----
Dodging        | 2 |  2.0
Stealth        | |  1.7
Spellcasting   | |  2.2
Conjurations   | |  4.3

Action                   || total
-------------------------++-------
Melee: Dagger            ||    23
       Whip              ||    27
       Unarmed           ||     7
       Tailslap          ||     5
 Cast: Magic Dart        ||     3
Armor: Skin              ||    16
Dodge: Dodged            ||    29

Table legend:
 A = Non-vault XP
 B = Vault XP
 C = Vault XP percentage of total XP
 D = Non-vault monster count
 E = Vault monster count
 F = Vault count percentage of total count
                 A         B        C        D         E       F
            +---------+---------+-------+---------+---------+-------
      Total |      21 |       0 |   0.0 |      12 |       0 |   0.0
            +---------+---------+-------+---------+---------+-------
        D:1 |      21 |       0 |   0.0 |      12 |       0 |   0.0
            +---------+---------+-------+---------+---------+-------
